 Dungeon Crawl Stone Soup version 0.18.1-48-g4cf74bf (webtiles) character file.

31 gizzmo999 the Gusty (level 2, 20/20 HPs)
             Began as a Demigod Air Elementalist on July 24, 2016.
             Quit the game on level 2 of the Dungeon.
             The game lasted 00:14:32 (2203 turns).

gizzmo999 the Gusty (Demigod Air Elementalist)      Turns: 2203, Time: 00:14:33

Health: 20/20      AC:  2    Str: 11    XL:     2   Next: 90%
Magic:  16/16      EV: 13    Int: 19    God:
Gold:   68         SH:  0    Dex: 16    Spells: 2 memorised, 1 level left

rFire  . . .     SeeInvis .     n - +1 dagger (speed)
rCold  . . .     Gourm    .     a - +0 robe
rNeg   . . .     Faith    .     (no shield)
rPois  .         Spirit   .     (no helmet)
rElec  .         Dismiss  .     (no cloak)
rCorr  .         Reflect  .     (no gloves)
SustAt +         Harm     .     (no boots)
MR     .....                    (no amulet)
Stlth  ++........               k - ring of magical power
                                d - ring of flight

@: not resistant to hostile enchantments, unstealthy
A: high mp 1, sustain attributes
a: Evoke Flight


You were on level 2 of the Dungeon.
You were not hungry.

You visited 1 branch of the dungeon, and saw 2 of its levels.

You collected 68 gold pieces.

Inventory:

Hand Weapons
 f - a +0 club
 h - a +0 spear
 m - a +0 club
 n - a +1 dagger of speed (weapon)
 o - a cursed +0 club
 q - a +0 hunting sling
 r - a +0 whip
 w - a +0 club
 x - a +0 short sword
 z - a +0 club
Missiles
 i - 36 sling bullets
 l - 16 bolts
 t - 45 stones (quivered)
Armour
 a - a +0 robe (worn)
 u - a +0 ring mail
 y - a +0 chain mail
Jewellery
 d - a ring of flight (left hand)
 k - a ring of magical power (right hand)
Scrolls
 e - a scroll of identify {unknown}
 g - a scroll of enchant armour {unknown}
 j - a scroll of remove curse {unknown}
Potions
 s - a potion of haste {unknown}
 v - 2 potions of curing {unknown}
Books
 b - a book of Air

   Spells                             Type                      Level
   a - Shock                          Conjuration/Air              1
   b - Swiftness                      Charms/Air                   2
   c - Repel Missiles                 Charms/Air                   2
   d - Static Discharge               Conjuration/Air              3
   e - Lightning Bolt                 Conjuration/Air              5
Comestibles
 c - 2 bread rations
 p - a meat ration


   Skills:
 + Level 0.1 Fighting
 + Level 2.2 Dodging
 + Level 1.9 Stealth
 + Level 1.9 Spellcasting
 + Level 1.0 Conjurations
 + Level 3.2 Air Magic
 + Level 0.1 Evocations


You had one spell level left.
You knew the following spells:

 Your Spells              Type           Power        Failure   Level  Hunger
a - Shock                 Conj/Air       #...         10%         1    #......
b - Swiftness             Chrm/Air       #.......     14%         2    ###....


Dungeon Overview and Level Annotations

Branches:
Dungeon (2/15)


Innate Abilities, Weirdness & Mutations

You have an increased reservoir of magic (+10% MP).
Your attributes are resistant to harm.


Message History

A rat comes into view.
Casting: Shock
Confirm with . or Enter, or press ? or * to list all spells.
Aiming: Shock
Press: ? - help, Shift-Dir - straight line, f - rat
Aim: a rat You miscast Shock.
You are very lightly contaminated with residual magic.
Your skin tingles.
The rat bites you.
Casting: Shock
Confirm with . or Enter, or press ? or * to list all spells.
Aiming: Shock
Press: ? - help, Shift-Dir - straight line, f/p - rat
Aim: a rat The zap hits the rat.
You kill the rat!
You see here a quokka skeleton.
Your magical contamination has completely faded away.
Are you sure you want to abandon this character and quit the game? (Confirm with "yes".)

#...# #....########## ###.##
#.............# #..#
#..........._.#
####.########.............#
#..........รท..............#
####..#######.............#
#...........#####.........#
####...####.###########.###
#.#....#@............#
#.#..#.##################
#.##.#.# #..... #.##.#.#
#.####
#.##.###.##...###########
#.#
.......................>#
#.#
############.###.####.#.#
#.# #.# #......<.# #.#
#.########.#.###.#


There were no monsters in sight!

Vanquished Creatures
  3 dart slugs (D:1)
  3 bats (D:1)
  5 hobgoblins (D:1)
  3 kobolds (D:1)
  A quokka (D:2)
  2 giant newts (D:1)
  2 goblins (D:1)
  5 rats
24 creatures vanquished.

Notes
Turn   | Place    | Note
--------------------------------------------------------------
     0 | D:1      | gizzmo999 the Demigod Air Elementalist began the quest for the Orb.
     0 | D:1      | Reached XP level 1. HP: 14/14 MP: 5/5
   420 | D:1      | Reached skill level 1 in Conjurations
   442 | D:1      | Reached skill level 3 in Air Magic
   574 | D:1      | Reached XP level 2. HP: 20/20 MP: 2/7
  1044 | D:1      | Learned a level 2 spell: Swiftness
  2111 | D:2      | Found a snail-covered altar of Cheibriados.
  2203 | D:2      | Quit the game

Skill      XL: |  1  2 |
---------------+-------+-----
Conjurations   | 1 |  1.0
Air Magic      | 3 |  3.2
Dodging        | 2 |  2.2
Fighting       | |  0.1
Stealth        | |  1.9
Spellcasting   | |  1.9
Evocations     | |  0.1

Action                   || total
-------------------------++-------
Melee: Spear             ||    16
       Unarmed           ||     4
       Dagger            ||    10
 Cast: Shock             ||    47
       Swiftness         ||     1
 Abil: Evoke Flight      ||     1
  Eat: Meat ration       ||     1
Armor: Robe              ||    14
Dodge: Dodged            ||    56
